AoeStats
← Erickinio

Arabia

508983192Analyzed
2v2 RM · 7d ago on Sep 24, 2026· 56m 41s· 4 players
Game mode
Random Map
Map size
Medium (4 player)
Population
200
Speed
Normal
Resources
Standard
Victory
Conquest
Starting age
Dark Age
Ending age
Imperial Age
RankedLock teamsTeams togetherTeam positionsShared explorationLock speedFull tech treeHidden civsTurbo modeCheats
Victory
Defeat
🇺🇸 Bulgarians · United States
848
+19
🇵🇪 Vikings · Peru
797
+21
🇦🇷 Magyars · Argentina
916
-20
🇦🇷 Celts · Argentina
899
-20
SadPlay
5:08 Loom
10:51 Feudal Age
13:15 Double-Bit Axe
21:58 Castle Age
21:23 Stone Mining
21:16 Horse Collar
24:15 Squires
25:52 Wheelbarrow
27:15 Heavy Plow
26:57 Light Cavalry
27:50 Bloodlines
28:16 Husbandry
28:57 Gold Mining
30:30 Ballistics
31:26 Stirrups
32:31 Fletching
32:41 Padded Archer Armor
33:01 Murder Holes
33:37 Bodkin Arrow
34:17 Hand Cart
35:07 Bow Saw
35:15 Scale Barding Armor
37:15 Gold Shaft Mining
37:07 Town Watch
40:46 Imperial Age
39:49 Chain Barding Armor
39:30 Scale Mail Armor
42:41 Chemistry
41:48 Siege Engineers
42:23 Crop Rotation
42:34 Conscription
41:58 Onager
48:15 Chain Mail Armor
49:57 Town Patrol
50:49 Caravan
50:46 Gambesons
51:39 Arson
52:07 Forging
52:28 Plate Mail Armor
51:58 Bracer
52:14 Leather Archer Armor
52:34 Plate Barding Armor
52:40 Stone Shaft Mining
54:32 Elite Konnik
55:15 Bagains
Juminican
11:45 Feudal Age
10:02 Loom
11:48 Feudal Age
13:09 Arson
13:18 Double-Bit Axe
13:16 Horse Collar
20:07 Castle Age
18:09 Stone Mining
19:10 Gold Mining
20:39 Pikeman
21:20 Squires
22:03 Forging
21:53 Scale Mail Armor
28:38 Iron Casting
27:56 Fletching
29:12 Chieftains
29:33 Bodkin Arrow
31:09 Chain Mail Armor
33:02 Ballistics
32:57 Bow Saw
36:00 Imperial Age
37:47 Blast Furnace
37:18 Plate Mail Armor
36:49 Bracer
36:57 Scale Barding Armor
37:57 Chemistry
36:54 Murder Holes
37:14 Bogsveigar
37:35 Conscription
42:51 Chain Barding Armor
43:46 Elite Berserk
46:04 Capped Ram
davis
2:20 Loom
10:55 Feudal Age
11:46 Double-Bit Axe
18:03 Scale Barding Armor
17:52 Horse Collar
21:46 Castle Age
20:19 Gold Mining
20:52 Fletching
23:30 Heavy Plow
23:57 Scale Mail Armor
26:06 Chain Barding Armor
26:28 Gold Shaft Mining
30:47 Bloodlines
30:38 Husbandry
34:57 Imperial Age
32:10 Light Cavalry
34:16 Stone Mining
35:25 Cavalier
36:46 Plate Barding Armor
41:25 Chain Mail Armor
42:55 Hussar
44:42 Chemistry
Erickinio
13:12 Feudal Age
13:45 Double-Bit Axe
17:58 Loom
21:26 Castle Age
19:20 Gold Mining
20:50 Wheelbarrow
19:58 Horse Collar
21:39 Forging
22:03 Pikeman
22:30 Gambesons
24:09 Man-at-Arms
25:56 Heavy Plow
27:32 Bow Saw
29:16 Long Swordsman
29:59 Scale Mail Armor
30:22 Stronghold
31:55 Hand Cart
33:05 Arson
38:19 Iron Casting
38:00 Chain Mail Armor
38:22 Stone Mining
39:05 Fletching
39:15 Padded Archer Armor
39:13 Murder Holes
39:29 Masonry
39:40 Ballistics
40:57 Stone Shaft Mining
40:58 Gold Shaft Mining
43:16 Imperial Age
40:32 Town Watch
41:21 Bodkin Arrow
45:48 Plate Mail Armor
46:18 Blast Furnace
44:56 Heavy Scorpion
45:59 Conscription
46:12 Halberdier
47:00 Two-Handed Swordsman
49:39 Siege Engineers
49:47 Champion
51:39 Leather Archer Armor
55:47 Chemistry
55:41 Town Patrol
Connection lost

Rejoining the realm…

Still unreachable

The connection could not be restored.

Session expired

The server has moved on; the page needs a fresh start.